[Event "Late-Titled-Tuesday-Blitz-September-12-2023"]
[Site "Chess.com"]
[Date "2023.09.12"]
[Round "6"]
[White "newyorkmouse"]
[Black "Miguelitro69"]
[Result "1-0"]
[WhiteElo "2467"]
[BlackElo "2288"]
[TimeControl "180+1"]
[EndTime "15:02:10 PDT"]
[Termination "newyorkmouse won on time"]

1. b3 e5 2. Bb2 Nc6 3. c4 Nf6 4. e3 d6 5. d4 Qe7 6. d5 Nd8 7. Nc3 g6 8. e4 Bg7 9. Be2 O-O 10. g4 a5 11. h4 Nd7 12. h5 g5 13. h6 Bh8 14. Qd2 Qf6 15. Rh5 Re8 16. Nb5 Nc5 17. Nxc7 Nxe4 18. Qe3 Qg6 19. Nxa8 f5 20. f3 1-0

[Event "Late-Titled-Tuesday-Blitz-September-12-2023"]
[Site "Chess.com"]
[Date "2023.09.12"]
[Round "6"]
[White "only_strong_moves"]
[Black "Marielchessy"]
[Result "1-0"]
[WhiteElo "2496"]
[BlackElo "2328"]
[TimeControl "180+1"]
[EndTime "15:02:17 PDT"]
[Termination "only_strong_moves won by resignation"]

1. d4 Nf6 2. Nc3 d5 3. Bf4 c6 4. e3 e6 5. Nf3 b5 6. Bd3 a5 7.
O-O a4 8. a3 Bd6 9. Bxd6 Qxd6 10. e4 dxe4 11. Nxe4 Nxe4 12. Bxe4 f5 13. Bd3 O-O 14.
Re1 Nd7 15. c3 Nf6 16. Ne5 Re8 17. Qf3 Bb7 18. Bxb5 Nd5 19. Bc4 Ba6 20. Bxd5 cxd5 21. Qd1 Bb5 22. Nd3 Bxd3 23. Qxd3 Rab8 24. Re2 Rb6 25.
Rae1 Kf7 26. h3 Qb8 27. g4 Rxb2 28. Rxb2 Qxb2 29. gxf5 Qxa3 30. fxe6+ Kg8 31. Qb5 Qe7 32. Qxa4 Qg5+ 33. Kf1 Kf8 34. Qd7 Qf6 35. Re5 Re7 36. Qd8+ Re8 37. e7+ Kf7 38. Qxd5+ Kg6 39. Re6 1-0

[Event "Late-Titled-Tuesday-Blitz-September-12-2023"]
[Site "Chess.com"]
[Date "2023.09.12"]
[Round "6"]
[White "gmpeter008"]
[Black "karinachess1"]
[Result "0-1"]
[WhiteElo "2469"]
[BlackElo "2621"]
[TimeControl "180+1"]
[EndTime "15:02:21 PDT"]
[Termination "karinachess1 won on time"]

1. d4 Nf6 2. c4 e6 3. Nc3 d5 4. g3 dxc4 5. Bg2 Nc6 6. Nf3 Bb4 7. O-O Rb8 8. Qa4 Bxc3 9. bxc3 b5 10. Qc2 O-O 11. a4 a6 12. axb5 axb5 13. Ba3 Re8 14. Bc5 h6 15. e4 Bd7 16. h3 b4 17. cxb4 Nxb4 18. Qxc4 Bb5 19. Qc1 Bxf1 20. Qxf1 Nxe4 21. Ne5 Nxc5 22. dxc5 Qd4 0-1

[Event "Late-Titled-Tuesday-Blitz-September-12-2023"]
[Site "Chess.com"]
[Date "2023.09.12"]
[Round "6"]
[White "Al_Shima"]
[Black "PawnEatingZombie"]
[Result "1-0"]
[WhiteElo "2343"]
[BlackElo "2194"]
[TimeControl "180+1"]
[EndTime "15:02:23 PDT"]
[Termination "Al_Shima won by resignation"]

1. e4 Nf6 2. Nc3 d5 3. e5 d4 4. exf6 dxc3 5. fxg7 cxd2+ 6. Qxd2 Bxg7 7. Qxd8+ Kxd8 8.
Bd3 Nc6 9. Nf3 Nb4 10. Be4 f5 11. Bd3 Nxd3+ 12. cxd3 e5 13. Bd2 c6 14. Bc3 Re8 15. O-O-O Kc7 16. Rhe1 Bh6+ 17. Kc2 e4 18. dxe4 fxe4 19.
Nd4 Bg4 20. Ra1 c5 21. Nb3 b6 22. Bd2 Bg7 23. Be3 Rad8 24. h3 Bf5 25. g4 Bg6 26. Rad1 Kc6 27. Nd2 b5 28. Nb3 c4 29. Na5+ Kc7 30.
b3 cxb3+ 31. axb3 Rxd1 32. Rxd1 a6 33. Kb1 h5 34. Rc1+ Kd6 35. Rc6+ 1-0

[Event "Late-Titled-Tuesday-Blitz-September-12-2023"]
[Site "Chess.com"]
[Date "2023.09.12"]
[Round "6"]
[White "Harald_Schmidt"]
[Black "Jaka_Brilej"]
[Result "0-1"]
[WhiteElo "2282"]
[BlackElo "2455"]
[TimeControl "180+1"]
[EndTime "15:02:29 PDT"]
[Termination "Jaka_Brilej won on time"]

1. e4 e6 2. d4 d5 3. Nd2 c5 4. exd5 Qxd5 5. Ngf3 cxd4 6. Bc4 Qd6 7.
Nb3 Qb4+ 8. Nfd2 Nc6 9. O-O Nf6 10. a3 Qd6 11. Bb5 Bd7 12. Nc4 Qc7 13. Bxc6 Bxc6 14. Qxd4 Be7 15. Bf4 Qc8 16. Nd6+ Bxd6 17. Bxd6 Bd5 18. Be5 Qxc2 19. Nd2 Rc8 20. h3 Nd7 21.
Bxg7 Rg8 22. Rac1 Qxc1 23. Rxc1 Rxc1+ 24. Kh2 f6 0-1

[Event "Late-Titled-Tuesday-Blitz-September-12-2023"]
[Site "Chess.com"]
[Date "2023.09.12"]
[Round "6"]
[White "IngOscarArdila"]
[Black "infinitegiantkiller"]
[Result "0-1"]
[WhiteElo "2269"]
[BlackElo "2449"]
[TimeControl "180+1"]
[EndTime "15:02:30 PDT"]
[Termination "infinitegiantkiller won by resignation"]

1. d4 Nf6 2. c4 g6 3. Nc3 d6 4.
Nf3 Bg7 5. e3 O-O 6. Be2 Nc6 7. O-O e5 8. dxe5 Nxe5 9. Nxe5 dxe5 10. Qc2 c6 11. Rd1 Qc7 12. e4 Bg4 13. f3 Be6 14. Be3 a6 15. b4 Rad8 16. a4 Rxd1+ 17. Rxd1 Rd8 18. a5 Bf8 19. c5 Rd7 20. Na4 Qd8 21.
Rxd7 Nxd7 22. Qc1 h5 23. Bg5 f6 24. Be3 Kh7 25. Nb2 Be7 26. Bc4 Nf8 27. h3 Bxc4 28.
Qxc4 Kg7 29. Kh2 Qd7 30. g4 hxg4 31. hxg4 Ne6 32. Qd3 Qe8 33. Kg3 Bd8 34. Nc4 Bc7 35. Nd6 Bxd6 36. cxd6 Qd7 37. Bc5 Nd4 38. Qc4 Qf7 39.
Qc3 Ne2+ 40. Kf2 Nxc3 0-1

[Event "Late-Titled-Tuesday-Blitz-September-12-2023"]
[Site "Chess.com"]
[Date "2023.09.12"]
[Round "6"]
[White "Garmendiarov"]
[Black "guillembaches"]
[Result "0-1"]
[WhiteElo "2349"]
[BlackElo "2519"]
[TimeControl "180+1"]
[EndTime "15:02:34 PDT"]
[Termination "guillembaches won by resignation"]

1. e4 c5 2. Nf3 d6 3. d4 cxd4 4. Nxd4 Nf6 5. Nc3 Nc6 6. Bg5 e6 7. Qd2 h6 8. Bh4 Nxe4 9. Bxd8 Nxd2 10. Nxc6 bxc6 11. Bh4 Nxf1 12. Rxf1 Ba6 13. Rg1 d5 14.
O-O-O Bc5 15. Rge1 Be7 16. Bxe7 Kxe7 17. Na4 Kd6 18.
b4 Bc4 19. Kb2 Rhb8 20. Kc3 a5 21. Rb1 axb4+ 22. Rxb4 Rxb4 23. Kxb4 c5+ 24. Nxc5 Rb8+ 25. Kc3 Kxc5 26. a4 d4+ 27. Kd2 f6 28. a5 e5 29. f4 Kd5 30. fxe5 fxe5 31. Ra1 Ba6 32. Ra3 e4 33. Rg3 e3+ 34. Kc1 e2 35. Kd2 Rb1 0-1

[Event "Late-Titled-Tuesday-Blitz-September-12-2023"]
[Site "Chess.com"]
[Date "2023.09.12"]
[Round "6"]
[White "whitemirrorninja"]
[Black "AlexOstrovskiy"]
[Result "0-1"]
[WhiteElo "2492"]
[BlackElo "2653"]
[TimeControl "180+1"]
[EndTime "15:02:35 PDT"]
[Termination "AlexOstrovskiy won by resignation"]

1. e4 c5 2. Ne2 d6 3. g3 g6 4. Bg2 Bg7 5. O-O Nf6 6. c3 O-O 7. d4 Nc6 8. d5 Ne5 9. h3 b5 10. a4 bxa4 11. f4 Nc4 12. Rxa4 Nb6 13. Ra2 a5 14. e5 Ne8 15. e6 fxe6 16. dxe6 Bxe6 17.
Bxa8 Qxa8 18. Ra3 Bxh3 19. Rf2 Be6 20. Nd2 Nf6 21. Nf1 Ng4 22. Be3 Nc4 23. Qd3 Ncxe3 24. Nxe3 Qh1+ 25. Kxh1 Nxf2+ 26. Kg2 Nxd3 27. Rxa5 Nxb2 28.
Ra7 Nc4 29. Rxe7 Nxe3+ 30. Kf3 Bg4+ 31. Kxe3 Bxe2 32. Kxe2 Bxc3 33. Rd7 Rf6 34. Kd3 Be1 35. g4 Rxf4 36. g5 Rd4+ 37. Ke2 Bd2 38. Rd8+ Kf7 39.
Rd7+ Ke6 40. Rxh7 Bxg5 41. Rg7 Kf5 42. Rf7+ Bf6 0-1

[Event "Late-Titled-Tuesday-Blitz-September-12-2023"]
[Site "Chess.com"]
[Date "2023.09.12"]
[Round "6"]
[White "canary2016"]
[Black "RCone"]
[Result "0-1"]
[WhiteElo "2087"]
[BlackElo "2323"]
[TimeControl "180+1"]
[EndTime "15:02:36 PDT"]
[Termination "RCone won on time"]

1. e4 d6 2. Nf3 Nf6 3. Nc3 g6 4. Bc4 Bg7 5. O-O O-O 6. d4 Bg4 7. h3 Bxf3 8. Qxf3 Nc6 9. Be3 e5 10. d5 Ne7 11. Bg5 Nd7 12. Qe2 f6 13. Be3 f5 14. f4 fxe4 15. Nxe4 Nf5 16. Ng5 Ng3 17. Qe1 Nxf1 18. Ne6 Qe7 19. Nxf8 Nxe3 20. fxe5 Nxe5 21.
Qxe3 Rxf8 22. Re1 Qh4 23. Be2 Bh6 24. Qc3 Bf4 25. Rf1 Qg3 26. Qxg3 Bxg3 27. Rd1 Bf2+ 28. Kh2 Be3 29. Bb5 Rf2 30. Kg3 Rxc2 31. a4 Rxb2 0-1

[Event "Late-Titled-Tuesday-Blitz-September-12-2023"]
[Site "Chess.com"]
[Date "2023.09.12"]
[Round "6"]
[White "WilliamAlfaroCaracas"]
[Black "jup1978"]
[Result "0-1"]
[WhiteElo "2265"]
[BlackElo "2474"]
[TimeControl "180+1"]
[EndTime "15:02:37 PDT"]
[Termination "jup1978 won on time"]

1. e4 e5 2. Nf3 Nf6 3. Nxe5 d6 4.
Nf3 Nxe4 5. Nc3 Nxc3 6. dxc3 Be7 7. Bc4 Nc6 8. O-O O-O 9. Nd4 Nxd4 10. cxd4 d5 11. Bd3 c6 12. c3 Bf6 13. Bf4 Be6 14. Qh5 g6 15. Qd1 Qd7 16. Re1 Rfe8 17. Be5 Bg7 18. Bxg7 Kxg7 19. Qf3 Qd6 20. Re5 Bd7 21.
Rae1 f6 22. R5e3 Rxe3 23. Rxe3 Re8 24. Qe2 Rxe3 25. Qxe3 Qe6 26. Kf1 Qxe3 27. fxe3 h6 28. e4 dxe4 29. Bxe4 g5 30. d5 c5 31. d6 b6 32. Bd5 f5 33. Ke2 Kf6 34. c4 Ke5 35. a3 Kxd6 36. b4 Bc6 37. Bf7 Bxg2 38. Ke3 cxb4 39. axb4 Ke5 40. c5 bxc5 41. bxc5 f4+ 42.
Kf2 Bc6 43. h4 g4 0-1

[Event "Late-Titled-Tuesday-Blitz-September-12-2023"]
[Site "Chess.com"]
[Date "2023.09.12"]
[Round "6"]
[White "KorolDimitriy75"]
[Black "MathiasCasalaspro"]
[Result "1-0"]
[WhiteElo "2372"]
[BlackElo "2235"]
[TimeControl "180+1"]
[EndTime "15:02:38 PDT"]
[Termination "KorolDimitriy75 won by checkmate"]

1. d4 Nf6 2. c4 g6 3. Nc3 Bg7 4. e4 d6 5. Nf3 O-O 6. Be2 e5 7. dxe5 dxe5 8. Qxd8 Rxd8 9. Bg5 Re8 10. O-O-O c6 11. Nxe5 Rxe5 12. Rd8+ Re8 13. Bxf6 Rxd8 14. Bxd8 Bxc3 15. bxc3 Be6 16. Rd1 Nd7 17. Be7 Ne5 18. f4 Nxc4 19. f5 gxf5 20. exf5 Bd5 21. Rd4 Re8 22.
Rg4+ Kh8 23. Bf6# 1-0

[Event "Late-Titled-Tuesday-Blitz-September-12-2023"]
[Site "Chess.com"]
[Date "2023.09.12"]
[Round "6"]
[White "Sjakkerntobi"]
[Black "Qvalda"]
[Result "0-1"]
[WhiteElo "2494"]
[BlackElo "2359"]
[TimeControl "180+1"]
[EndTime "15:02:40 PDT"]
[Termination "Qvalda won by checkmate"]

1. f4 d5 2. Nf3 g6 3. g3 Bg7 4. Bg2 c6 5. O-O h5 6. d3 Qb6+ 7. d4 Nf6 8. Nc3 Ne4 9. Nxe4 dxe4 10. Ne5 Bf5 11. c4 h4 12. Be3 hxg3 13. hxg3 f6 14. c5 Qa6 15. g4 fxe5 16. gxf5 exf4 17. Rxf4 gxf5 18. Rxf5 Nd7 19. Bxe4 O-O-O 20. Qd3 Qxd3 21. Bxd3 Rdg8 22. Rg5 Bh6 23. Rxg8+ Rxg8+ 24. Kf2 Rf8+ 25. Bf4 Rxf4+ 26. Kg3 Rxd4 27. Rc1 Bxc1 28. Kf3 Bxb2 29.
Ke3 Nxc5 30. Bf5+ Kc7 31. Bc2 e5 32. Kf2 Bc1 33. Kf1 Be3 34. Kg2 Rf4 35. Kg3 Ne6 36. Bd3 Nd4 37. Kg2 b5 38. a3 a6 39. Kg3 c5 40.
Kg2 c4 41. Bh7 Nxe2 42. Kh3 Nd4 43. a4 c3 44. axb5 axb5 45. Kg3 b4 46. Kg2 b3 47. Kg3 c2 48. Bxc2 bxc2 49. Kh3 c1=Q 50. Kg3 Qg1+ 51. Kh3 Qf1+ 52. Kg3 Qf3+ 53. Kh2 Rh4# 0-1

[Event "Late-Titled-Tuesday-Blitz-September-12-2023"]
[Site "Chess.com"]
[Date "2023.09.12"]
[Round "6"]
[White "WPWPWP-2015"]
[Black "ilya2700"]
[Result "1-0"]
[WhiteElo "2550"]
[BlackElo "2299"]
[TimeControl "180+1"]
[EndTime "15:02:45 PDT"]
[Termination "WPWPWP-2015 won by resignation"]

1. d4 d5 2. c4 c6 3. Nf3 Nf6 4. Nc3 e6 5. Bg5 Nbd7 6. e3 Qa5 7. Nd2 Bb4 8. Qc2 dxc4 9. Bxf6 Nxf6 10. Nxc4 Qc7 11.
Bd3 c5 12. dxc5 Bxc5 13. O-O Bd7 14. Rac1 O-O 15. Ne4 Be7 16. Nxf6+ Bxf6 17. Bxh7+ Kh8 18. Be4 g6 19. Nd2 Qb6 20. b3 Bb5 21. Nc4 Qc5 22.
Bxb7 Rab8 23. Be4 Kg7 24. Qd2 Rh8 25. h3 Qg5 26. f4 Qg3 27. Rf3 Qh4 28. Qf2 Rhd8 29.
Qxh4 Bxh4 30. g3 Bf6 31. Rf2 Bxc4 32. Rxc4 Rd1+ 33. Kg2 a5 34. Bf3 Rb4 35. Bxd1 1-0

[Event "Late-Titled-Tuesday-Blitz-September-12-2023"]
[Site "Chess.com"]
[Date "2023.09.12"]
[Round "6"]
[White "BigAl"]
[Black "FuenfgegenWilly"]
[Result "1-0"]
[WhiteElo "2547"]
[BlackElo "2382"]
[TimeControl "180+1"]
[EndTime "15:02:46 PDT"]
[Termination "BigAl won by resignation"]

1. Nf3 f6 2. e4 g6 3. Nc3 Bg7 4.
d4 Nh6 5. Bc4 Nf7 6. a4 e6 7.
Ba2 c6 8. Qe2 d5 9. exd5 cxd5 10. Nxd5 O-O 11. Nc3 Nc6 12. Be3 Qb6 13. Qb5 Nb4 14. Bb3 Nd6 15. Qxb6 axb6 16. O-O h6 17. d5 e5 18. Bxb6 Na6 19. Nb5 Nf7 20. c3 Kh7 21. Rad1 Bd7 22. h4 h5 23. Bc2 Nh6 24. Nd6 Rab8 25. b4 Rh8 26. b5 Bf8 27. Ne4 1-0

[Event "Late-Titled-Tuesday-Blitz-September-12-2023"]
[Site "Chess.com"]
[Date "2023.09.12"]
[Round "6"]
[White "kreonx"]
[Black "NotFischer"]
[Result "1-0"]
[WhiteElo "2462"]
[BlackElo "2295"]
[TimeControl "180+1"]
[EndTime "15:02:48 PDT"]
[Termination "kreonx won by resignation"]

1. e4 d5 2. exd5 Qxd5 3. Nc3 Qd6 4. d4 Nf6 5. Nge2 Bf5 6. Bf4 Qb6 7. Qd2 e6 8. O-O-O c6 9. Ng3 Bg6 10. a3 Nbd7 11.
h4 h6 12. h5 Bh7 13. Bd3 Qxd4 14. Be3 Qd6 15. Nce4 Nxe4 16. Nxe4 Bxe4 17. Bxe4 Qxd2+ 18. Rxd2 Nf6 19. Bf3 Be7 20. Rhd1 Rd8 21. Rxd8+ Bxd8 22. Bxa7 Nd5 23. Bd4 Bg5+ 24. Kb1 f6 25. c4 Ne7 26. Bc5 f5 27. b4 Bf6 28. b5 cxb5 29. cxb5 b6 30. Bxb6 Kf7 31. Bc7 e5 32. Bb7 e4 33. a4 Ke6 34. a5 1-0

[Event "Late-Titled-Tuesday-Blitz-September-12-2023"]
[Site "Chess.com"]
[Date "2023.09.12"]
[Round "6"]
[White "EnvigadoCity"]
[Black "IMGC"]
[Result "0-1"]
[WhiteElo "2092"]
[BlackElo "2421"]
[TimeControl "180+1"]
[EndTime "15:02:48 PDT"]
[Termination "IMGC won by resignation"]

1. d4 Nf6 2. c4 g6 3. Nc3 Bg7 4. e4 O-O 5. Nf3 d6 6. Be2 c5 7.
dxc5 dxc5 8. O-O Nc6 9. e5 Ng4 10. Ne4 b6 11. Qa4 Ngxe5 12. Rd1 Qc7 13. Nc3 Bd7 14. Nd5 Qd8 15. Bg5 f6 16. Bf4 Nxf3+ 17. Bxf3 Nd4 18. Qa3 e5 19. Bd2 Bc6 20. Qc3 e4 21.
Be3 f5 22. Bxd4 cxd4 23. Qa3 Bxd5 24. cxd5 exf3 25. gxf3 Qxd5 26. b4 Rad8 27. b5 d3 28.
Qxa7 Bxa1 29. Rxa1 d2 30. Rd1 Qxf3 31. Qa4 Rfe8 32.
Qb3+ Qxb3 33. axb3 Re1+ 0-1

[Event "Late-Titled-Tuesday-Blitz-September-12-2023"]
[Site "Chess.com"]
[Date "2023.09.12"]
[Round "6"]
[White "ARTHURMOTIVATOR"]
[Black "Dewarfd"]
[Result "1-0"]
[WhiteElo "2358"]
[BlackElo "2197"]
[TimeControl "180+1"]
[EndTime "15:02:52 PDT"]
[Termination "ARTHURMOTIVATOR won on time"]

1. e4 e5 2. Nf3 Nc6 3. d4 exd4 4. Nxd4 Nf6 5. Nxc6 bxc6 6. Bd3 Be7 7. e5 Nd5 8. O-O O-O 9. f4 Nb4 10. Be4 d5 11.
exd6 cxd6 12. a3 d5 13. Bxh7+ Kxh7 14. axb4 Bxb4 15. f5 Qf6 16. Qh5+ Kg8 17. Bg5 Qd4+ 18. Kh1 Bxf5 19. c3 Qd3 20. Nd2 Bg6 21. Qh4 Bc5 22.
Rf3 Qc2 23. Raf1 1-0

[Event "Late-Titled-Tuesday-Blitz-September-12-2023"]
[Site "Chess.com"]
[Date "2023.09.12"]
[Round "6"]
[White "Bauman_Guy"]
[Black "RETURNOFTHELAGGER"]
[Result "1-0"]
[WhiteElo "2907"]
[BlackElo "2647"]
[TimeControl "180+1"]
[EndTime "15:02:55 PDT"]
[Termination "Bauman_Guy won by resignation"]

1. e4 c5 2. Nf3 d6 3. d4 cxd4 4. Nxd4 Nf6 5. Nc3 a6 6. h3 e5 7. Nde2 h5 8. Bg5 Be6 9. Nc1 Be7 10. Nb3 Nbd7 11. Be2 g6 12. O-O O-O 13. Kh1 Rc8 14. f4 exf4 15. Bxf4 b5 16. Bxd6 b4 17. Bxe7 Qxe7 18.
Nd5 Bxd5 19. exd5 Qd6 20. Bf3 Ne5 21. a3 bxa3 22. Rxa3 Nc4 23. Qd4 Nxa3 24. bxa3 Rxc2 25. Bd1 Ra2 26. Qxf6 Qxd5 27. Qf3 Qd6 28. a4 Rxa4 29. Nc5 Qxc5 30. Bxa4 a5 31. Bb3 Qc7 32. Qf6 Kh7 33. Bxf7 1-0

[Event "Late-Titled-Tuesday-Blitz-September-12-2023"]
[Site "Chess.com"]
[Date "2023.09.12"]
[Round "6"]
[White "GMJustin"]
[Black "FeketeBarika"]
[Result "0-1"]
[WhiteElo "2235"]
[BlackElo "2370"]
[TimeControl "180+1"]
[EndTime "15:02:55 PDT"]
[Termination "FeketeBarika won on time"]

1. d4 e6 2. e4 d5 3. exd5 exd5 4. h3 Bd6 5. Nf3 Ne7 6. Bd3 Nbc6 7. c3 Bf5 8. Bxf5 Nxf5 9. Qb3 Qe7+ 10. Kd1 O-O-O 11.
Qxd5 g6 12. Re1 Qd7 13. Bg5 Rde8 14. Nbd2 h6 15. Be3 Nxe3+ 16. Rxe3 Rxe3 17. fxe3 Re8 18. e4 Ne7 19. Qxf7 c5 20. e5 Bc7 21. Kc2 cxd4 22.
cxd4 Qc6+ 23. Qc4 Qb6 24. Rc1 Kb8 25. Kb1 Rc8 26. Qd3 Nd5 27. Qb3 Qa5 28. Rc5 Qa6 29. Qxd5 Qd3+ 30. Ka1 Qe2 31. Qe4 Qd1+ 32. Qb1 Qe2 33.
Qc2 Qxg2 0-1

[Event "Late-Titled-Tuesday-Blitz-September-12-2023"]
[Site "Chess.com"]
[Date "2023.09.12"]
[Round "6"]
[White "Fandorine"]
[Black "adiosabu"]
[Result "1-0"]
[WhiteElo "2897"]
[BlackElo "2595"]
[TimeControl "180+1"]
[EndTime "15:03:00 PDT"]
[Termination "Fandorine won by resignation"]

1. e4 c5 2. Nf3 Nc6 3. Nc3 e6 4. Bb5 Nd4 5. O-O Nxb5 6. Nxb5 a6 7. Nc3 d6 8. d4 cxd4 9. Qxd4 Nf6 10. Bg5 Be7 11. Rfd1 b5 12. a4 e5 13. Qd3 bxa4 14.
Rxa4 Rb8 15. b3 Bb7 16. Bxf6 Bxf6 17. Nd2 Be7 18. Nc4 O-O 19. Nd5 Bg5 20. h3 g6 21.
Rb4 f5 22. Rb6 fxe4 23. Qxe4 Rf4 24. Qe2 Rd4 25. Rxd4 exd4 26. Qe6+ Kg7 27. Rxd6 Qf8 28. Rd7+ Kh6 29. Nd6 Bxd5 30. Qxd5 Rd8 31. Nf7+ 1-0

[Event "Late-Titled-Tuesday-Blitz-September-12-2023"]
[Site "Chess.com"]
[Date "2023.09.12"]
[Round "6"]
[White "Mackster23"]
[Black "dretch"]
[Result "0-1"]
[WhiteElo "2548"]
[BlackElo "2853"]
[TimeControl "180+1"]
[EndTime "15:03:00 PDT"]
[Termination "dretch won by resignation"]

1. e4 e6 2. d4 d5 3. Nc3 Nf6 4. Bg5 dxe4 5. Nxe4 Be7 6. Bxf6 Bxf6 7. Nf3 Nd7 8. Bd3 c5 9. O-O O-O 10. Nxc5 Nxc5 11.
dxc5 Bxb2 12. Rb1 Ba3 13. Qe2 Bxc5 14. Qe4 g6 15. Rb5 Be7 16. Rfb1 Qc7 17. h4 Rb8 18. h5 b6 19. Qg4 f5 20. Qh3 g5 21. g4 a6 22. Re5 fxg4 23. Qxg4 Rxf3 24. Rxg5+ Bxg5 25. Qxg5+ Qg7 0-1

[Event "Late-Titled-Tuesday-Blitz-September-12-2023"]
[Site "Chess.com"]
[Date "2023.09.12"]
[Round "6"]
[White "nevermind242"]
[Black "Rinqed222"]
[Result "1-0"]
[WhiteElo "2368"]
[BlackElo "2231"]
[TimeControl "180+1"]
[EndTime "15:03:01 PDT"]
[Termination "nevermind242 won by resignation"]

1. Nf3 Nf6 2. g3 g6 3. b3 Bg7 4. Bb2 O-O 5. Bg2 d6 6. d4 Nbd7 7. O-O c5 8. c4 b6 9. Ne5 dxe5 10.
Bxa8 exd4 11. Bg2 e5 12. Nd2 Re8 13. Qc2 Nf8 14. Ne4 Nxe4 15. Bxe4 f5 16. Bd5+ Be6 17. Bxe6+ Nxe6 18. Qd2 e4 19. b4 Qa8 20. bxc5 e3 21. Qd3 Ng5 22. f3 bxc5 23. Ba3 Qc6 24.
Rab1 f4 25. g4 h5 26. gxh5 gxh5 27. Rb5 Bf8 28. Kh1 Nh3 29. Qf5 Nf2+ 30. Kg2 Re6 31.
h4 Rg6+ 32. Kh2 Ng4+ 33. fxg4 Rxg4 34. Qd5+ Qxd5 35. cxd5 Rxh4+ 36. Kg2 Rg4+ 37. Kf3 1-0

[Event "Late-Titled-Tuesday-Blitz-September-12-2023"]
[Site "Chess.com"]
[Date "2023.09.12"]
[Round "6"]
[White "YellowJacek"]
[Black "miraitrunks"]
[Result "0-1"]
[WhiteElo "2309"]
[BlackElo "2130"]
[TimeControl "180+1"]
[EndTime "15:03:04 PDT"]
[Termination "miraitrunks won on time"]

1. e4 c5 2. Nf3 Nc6 3. d4 cxd4 4.
Nxd4 e5 5. Nxc6 bxc6 6. Bc4 Nf6 7. O-O Bc5 8. Nc3 O-O 9. Qe2 h6 10. Be3 Bxe3 11. Qxe3 d5 12. exd5 cxd5 13. Rad1 Ng4 14.
Qg3 d4 15. h3 Qc7 16. Bd5 Rb8 17. Ne4 Rd8 0-1

[Event "Late-Titled-Tuesday-Blitz-September-12-2023"]
[Site "Chess.com"]
[Date "2023.09.12"]
[Round "6"]
[White "F-Ghaith2021"]
[Black "IMRosen"]
[Result "0-1"]
[WhiteElo "2364"]
[BlackElo "2600"]
[TimeControl "180+1"]
[EndTime "15:03:07 PDT"]
[Termination "IMRosen won by checkmate"]

1. e4 c5 2. Nf3 Nc6 3. d4 cxd4 4. Nxd4 g6 5. Nc3 Bg7 6. Be3 Nf6 7. Be2 O-O 8. O-O d5 9. exd5 Nb4 10. Bf3 Nbxd5 11. Nxd5 Nxd5 12. c3 Nxe3 13. fxe3 Qb6 14. Qe2 e5 15. Nb3 Be6 16. Qc2 Qxe3+ 17. Kh1 Qb6 18. Rad1 Rad8 19. h3 f5 20. Rxd8 Rxd8 21. Rd1 Rxd1+ 22.
Bxd1 e4 23. Qe2 Be5 24. Bc2 Qd6 25. Qb5 Bd5 26. Qe8+ Kg7 27. Nc5 Bf7 28. Nxb7 Bxe8 29. Nxd6 Bxd6 30. Kg1 Bg3 31. Kf1 Bb5+ 32. Kg1 e3 33.
Bd1 Bd3 34. a4 Bf2+ 35. Kh2 f4 36. b4 e2 37. Bxe2 Bxe2 38. a5 Bg3+ 39. Kg1 Kf6 40. Kh1 Kf5 41. h4 Ke4 42. h5 Ke3 43. h6 Kf2 44. b5 Bf1 45. b6 Bxg2# 0-1

[Event "Late-Titled-Tuesday-Blitz-September-12-2023"]
[Site "Chess.com"]
[Date "2023.09.12"]
[Round "6"]
[White "laiciffOneslraCsungaM"]
[Black "lluiss"]
[Result "1-0"]
[WhiteElo "2333"]
[BlackElo "2170"]
[TimeControl "180+1"]
[EndTime "15:03:10 PDT"]
[Termination "laiciffOneslraCsungaM won by resignation"]

1. d4 Nf6 2. Bf4 g6 3. Nf3 Bg7 4. e3 O-O 5. Be2 b6 6. h3 Bb7 7. O-O d5 8. Nbd2 c5 9. c3 Nc6 10. Ne5 Nd7 11. Nxc6 Bxc6 12. Nf3 Re8 13. a4 a6 14. Re1 e5 15. dxe5 Nxe5 16. Nxe5 Bxe5 17. Bxe5 Rxe5 18. Bf3 Qc7 19. Qe2 Rae8 20. Qxa6 d4 21. Bxc6 Qxc6 22. cxd4 cxd4 23. Rec1 Qd6 24. Rd1 Rd5 25.
Rxd4 Rxd4 26. exd4 Qxd4 27. Qb5 Re5 28. Qc6 Rc5 29. Qe8+ Kg7 30. Qe2 Re5 31. Qc2 Rc5 32. Qb3 Rc4 33. Rd1 Qc5 34. g3 Rc2 35. Rf1 Qd4 36.
Qxc2 1-0

[Event "Late-Titled-Tuesday-Blitz-September-12-2023"]
[Site "Chess.com"]
[Date "2023.09.12"]
[Round "6"]
[White "expii"]
[Black "chosenpr"]
[Result "1-0"]
[WhiteElo "2269"]
[BlackElo "2369"]
[TimeControl "180+1"]
[EndTime "15:03:14 PDT"]
[Termination "expii won by resignation"]

1. e4 e5 2. Nf3 Nc6 3. Bb5 a6 4.
Ba4 Nf6 5. d4 b5 6. dxe5 Ng4 7.
Bb3 Bc5 8. O-O O-O 9. Bf4 Qe7 10. Nc3 Ngxe5 11. Nxe5 Nxe5 12. Nd5 Qd6 13. Qh5 Re8 14. Rad1 Ra7 15. Nxc7 g6 16. Rxd6 gxh5 17. Nxe8 Bxd6 18. Nxd6 Ng6 19. Be3 Rc7 20. Bxf7+ Kg7 21. Bd4+ Kf8 22.
Bxg6 hxg6 23. Nxc8 Rxc8 24. c3 Kf7 25. f4 b4 26. f5 bxc3 27. bxc3 Rc6 28. fxg6+ Kxg6 29. Rb1 Re6 30. e5 Kf5 31. Rb7 Ke4 32. Rxd7 Kd3 33. Rd6 Re8 34. h4 Ke2 35. Rh6 Rg8 36. Rxh5 Ke1 37.
Rg5 Ke2 38. Rxg8 1-0

[Event "Late-Titled-Tuesday-Blitz-September-12-2023"]
[Site "Chess.com"]
[Date "2023.09.12"]
[Round "6"]
[White "RichardLeyvaP"]
[Black "szachmistrz2500"]
[Result "1-0"]
[WhiteElo "2616"]
[BlackElo "2458"]
[TimeControl "180+1"]
[EndTime "15:03:15 PDT"]
[Termination "RichardLeyvaP won by resignation"]

1. e4 c5 2. Nf3 d6 3. d4 cxd4 4. Nxd4 Nf6 5. Nc3 a6 6. Bc4 e6 7. Bb3 Nbd7 8. Bg5 Nc5 9. Qd2 Be7 10. Bxf6 Bxf6 11. O-O-O O-O 12. Kb1 Qc7 13. f4 b5 14.
a3 Bb7 15. Rhe1 Nxb3 16. cxb3 Rfd8 17. g4 Qb6 18. b4 Rac8 19. g5 Be7 20. f5 e5 21. Nb3 Bf8 22. f6 Rc4 23. fxg7 Bxg7 24. Rf1 d5 25. Nxd5 Bxd5 26. exd5 e4 27. Qf4 Qg6 28.
Qf5 e3 29. Qxg6 hxg6 30. Rfe1 Rh4 31. Re2 Rh5 32. d6 Rxg5 33. d7 Re5 34. Nc5 Re7 35.
Rd3 f5 36. Rdxe3 Rxe3 37. Rxe3 Kf7 38. Rd3 Be5 39. Nb7 1-0

[Event "Late-Titled-Tuesday-Blitz-September-12-2023"]
[Site "Chess.com"]
[Date "2023.09.12"]
[Round "6"]
[White "djano"]
[Black "jcmesafischer"]
[Result "1-0"]
[WhiteElo "2637"]
[BlackElo "2369"]
[TimeControl "180+1"]
[EndTime "15:03:18 PDT"]
[Termination "djano won by resignation"]

1. e4 c5 2. Nc3 Nc6 3. f4 e6 4. Nf3 Nge7 5. Bb5 a6 6. Bxc6 Nxc6 7. d4 cxd4 8. Nxd4 Nxd4 9. Qxd4 Qc7 10. Be3 d6 11.
O-O-O b5 12. f5 Bb7 13. fxe6 fxe6 14. Rhf1 Rc8 15. Kb1 e5 16. Qd2 Be7 17. Qe2 Bf6 18. Qh5+ Qf7 19. Qxf7+ Kxf7 20. Rxd6 b4 21. Rd7+ Kg6 22.
Rxb7 bxc3 23. b3 Rc6 24. a4 Rd8 25. a5 h6 26. Rb6 Rdd6 27. Rxc6 Rxc6 28. Rd1 Bg5 29.
Rd3 Bxe3 30. Rxe3 Kg5 31. Rf3 g6 32. Ka2 Rd6 33. Rxc3 Rd4 34. Rc6 Rxe4 35. Rxa6 Re2 36. Rc6 e4 37. a6 Rf2 38. a7 Rf8 39. b4 Kf5 40. b5 e3 41. Rc7 Kf6 42. Rc3 1-0